 Dungeon Crawl Stone Soup version 0.17.1-2-g5865329 (webtiles) character file.

3261 Metrazal the Nimble (level 9, -2/41 HPs)
             Began as a Spriggan Assassin on Jan 16, 2016.
             Killed by divine providence
             ... invoked by an orc priest
              (11 damage)
             ... on level 8 of the Dungeon.
             The game lasted 02:32:39 (11665 turns).

Metrazal the Nimble (Spriggan Assassin)            Turns: 11665, Time: 02:32:40

Health: -2/41      AC:  5    Str:  7    XL:     9   Next: 68%
Magic:  10/10      EV: 30    Int: 13    God:
Gold:   394        SH:  0    Dex: 20    Spells: 0 memorised, 8 levels left

rFire  . . .     SeeInvis +     c - +2 shortbow (flame)
rCold  . . .     Clarity  .     B - +2 robe
rNeg   . . .     SustAt   .     (shield currently unavailable)
rPois  +         Gourm    .     (helmet restricted)
rElec  .         Spirit   .     d - +0 cloak
rCorr  .         Warding  .     (gloves unavailable)
rMut   .         Stasis   .     (boots unavailable)
MR     ++...                    (no amulet)
Stlth  ++++......               L - ring of poison resistance
                                m - ring of protection from magic

@: very quick, very resistant to hostile enchantments, stealthy
A: unfitting armour, see invisible, herbivore 3, speed 3, slow metabolism 2
a: no special abilities


You were on level 8 of the Dungeon.
You were not hungry.

You visited 1 branch of the dungeon, and saw 8 of its levels.

You collected 408 gold pieces.
You spent 14 gold pieces at shops.

Inventory:

Hand Weapons
 a - a +2 dagger
 b - a +0 blowgun
 c - a +2 shortbow of flaming (weapon)
 v - a +0 hunting sling of flaming
 E - the +8 short sword of Inivitzi {drain, Dex+4 SInv Stlth-, unknown}
   (You found it on level 5 of the Dungeon)

   A truly terrible weapon, it drains the life of those it strikes.
   It affects your dexterity (+4).
   It lets you see invisible.
   It makes you less stealthy.
Missiles
 f - 3 poisoned needles
 h - 93 stones
 w - 40 sling bullets
 C - 77 arrows
 H - 22 bolts
 M - 10 poisoned arrows (quivered)
 R - a curare-tipped needle
Armour
 d - a +0 cloak (worn)
 B - a +2 robe (worn)
Jewellery
 m - a ring of protection from magic (left hand)
 A - an uncursed amulet of regeneration
 J - an uncursed ring of see invisible
 L - a ring of poison resistance (right hand)
 N - an uncursed ring of magical power
Wands
 e - a wand of flame (30)
 t - a wand of frost (17)
 Q - a wand of cold (7)
Scrolls
 j - 4 scrolls of enchant weapon {unknown}
 l - 2 scrolls of recharging {unknown}
 n - a scroll of fog {unknown}
 o - 2 scrolls of blinking {unknown}
 p - 9 scrolls of identify {unknown}
 q - a scroll of magic mapping {unknown}
 u - a scroll of amnesia {unknown}
 y - 6 scrolls of remove curse {unknown}
 D - 2 scrolls of teleportation {unknown}
 I - a scroll of enchant armour {unknown}
 P - a scroll of random uselessness {unknown}
Potions
 i - 3 potions of might {unknown}
 k - 6 potions of curing
 r - 3 potions of haste {unknown}
 s - 3 potions of poison {unknown}
 x - a potion of cure mutation {unknown}
 z - 2 potions of brilliance {unknown}
 F - 2 potions of mutation {unknown}
 G - 2 potions of magic {unknown}
 K - a potion of agility {unknown}
Comestibles
 g - 4 bread rations
 O - 8 slices of pizza


   Skills:
 - Level 1.5 Fighting
 - Level 4.2 Short Blades
 * Level 9.8(10.1) Slings
 + Level 5.9 Bows
 - Level 2.7(5.9) Throwing
 * Level 12.1 Dodging
 - Level 5.8 Stealth


You had 8 spell levels left.
You didn't know any spells.

Dungeon Overview and Level Annotations

Branches:
Dungeon (8/15)             Temple (0/1) D:4
   Lair: D:8-11

Altars:
Qazlal
Vehumet

Shops:
D:4 [


Innate Abilities, Weirdness & Mutations

You are tiny and cannot use many weapons and most armour.
You have supernaturally acute eyesight.
You are a herbivore.
You cover ground extremely quickly.
You need consume almost no food.


Message History

The poisoned arrow closely misses the orc.
The orc misses you.
The orc priest mumbles some strange prayers to Beogh against you.
Something smites you!
Firing (i - inventory. (,) - cycle):
M - 11 poisoned arrows (quivered)
Press: ? - help, Shift-Dir - straight line, f/p - orc
Aim: an orc, wielding a whip of venom (heavily wounded)
You shoot a poisoned arrow. The poisoned arrow hits the orc!
You kill the orc!
The orc priest calls down the wrath of Beogh upon you.
You resist with almost no effort.
Things that are here:
a whip of venom; 3 poisoned arrows The orc priest invokes the aid of Beogh against you.
Something smites you!
* * * LOW HITPOINT WARNING * * *
Unknown command.
The orc priest calls down the wrath of Beogh upon you.
Something smites you!
You die...

..#.#.#. S...# ..#.#.#.
....# ..#.#.#.
########...S### ..#.#.#.
#...(.....(....
..#.#.#.####.##)##........
..#.#.#(....o)(.#.....(...
..#$#.##.)(.#####..#.#.#.#
..#$#.#.....#####(.#.# # #
..#$#.8.<@.†....((.#..
..#$#.'.######..#..# .#
..#$#.8## #.###...###
####### #..#..... ######
##....... ....... .......
.#..... ###...#


You could see an orc priest.

Vanquished Creatures
  Joseph (D:7)
  A human (D:7)
  Edmund (D:5)
  A phantom (D:4)
  2 ice beasts (D:7)
  2 black bears
  A sky beast (D:7)
  3 orc warriors
  The ghost of Felido the Ruffian, an amateur DrTm (D:3)
  3 ogres
  A centaur (D:5)
  3 giant frogs
  2 scorpions
  A wyvern skeleton (D:7)
  5 killer bees
  A giant frog zombie (D:7)
  A centaur zombie (D:5)
  A crimson imp (D:6)
  6 hounds
  3 jellies
  A centaur skeleton (D:7)
  Crazy Yiuf (D:6)
  An orc priest (D:7)
  2 worker ants (D:5)
  4 sheep (D:7)
  2 hound skeletons
  4 gnolls
  9 adders
  A shadow imp (D:5)
  2 adder skeletons
  2 worms
  12 orcs
  4 giant cockroaches
  3 hobgoblins
  13 jackals
  4 quokkas
  A ball python (D:7)
  4 bats
  6 giant geckos
  A giant gecko skeleton (D:4)
  A giant gecko zombie (D:6)
  5 giant newts
  9 goblins
  5 kobolds
  A quokka skeleton (D:5)
  A quokka zombie (D:7)
  8 rats
147 creatures vanquished.

Notes
Turn   | Place    | Note
--------------------------------------------------------------
     0 | D:1      | Metrazal the Spriggan Assassin began the quest for the Orb.
     0 | D:1      | Reached XP level 1. HP: 10/10 MP: 2/2
   267 | D:1      | Reached XP level 2. HP: 14/14 MP: 3/3
  1310 | D:2      | Reached XP level 3. HP: 18/18 MP: 4/4
  2645 | D:2      | Reached XP level 4. HP: 14/22 MP: 5/5
  2851 | D:3      | Noticed Felido's ghost (amateur DrTm)
  3232 | D:3      | Killed Felido's ghost
  3232 | D:3      | Reached skill level 5 in Dodging
  3232 | D:3      | Reached XP level 5. HP: 15/25 MP: 6/6
  4714 | D:4      | Reached skill level 6 in Dodging
  4714 | D:4      | Reached XP level 6. HP: 22/30 MP: 7/7
  5341 | D:4      | Found a staircase to the Ecumenical Temple.
  5518 | D:4      | Found Bozuatz's Antique Armour Shoppe.
  5519 | D:4      | Noticed a phantom
  5561 | D:4      | Killed a phantom
  5561 | D:4      | Reached skill level 7 in Dodging
  5720 | D:4      | Bought a runed robe for 14 gold pieces
  6042 | D:5      | Entered Level 5 of the Dungeon
  6088 | D:5      | Reached XP level 7. HP: 29/33 MP: 8/8
  6426 | D:5      | Reached skill level 5 in Slings
  6426 | D:5      | Reached skill level 1 in Bows
  6703 | D:5      | Got a brightly glowing short sword
  6852 | D:5      | Reached skill level 8 in Dodging
  7697 | D:6      | Noticed Edmund
  7776 | D:5      | Killed Edmund
  7855 | D:6      | Reached XP level 8. HP: 37/37 MP: 9/9
  7934 | D:6      | Reached skill level 9 in Dodging
  8588 | D:6      | Noticed Crazy Yiuf
  8596 | D:6      | Killed Crazy Yiuf
  8885 | D:7      | Reached skill level 10 in Dodging
  9520 | D:7      | Reached XP level 9. HP: 41/41 MP: 10/10
  9737 | D:7      | Reached skill level 11 in Dodging
  9839 | D:7      | Found a radiant altar of Vehumet.
  9924 | D:7      | Noticed Joseph
 10135 | D:7      | Killed Joseph
 10135 | D:7      | Reached skill level 5 in Bows
 10981 | D:7      | Found a stormy altar of Qazlal.
 11116 | D:7      | Reached skill level 12 in Dodging
 11665 | D:8      | Killed from afar by an orc priest

Action                   |  1- 3 |  4- 6 |  7- 9 || total
-------------------------+-------+-------+-------++-------
Melee: Dagger            |     4 |       |       ||     4
 Fire: Blowgun           |    49 |     4 |    25 ||    78
       Hunting sling     |     4 |   182 |   432 ||   618
       Shortbow          |       |       |    27 ||    27
Throw: Stone             |     8 |       |       ||     8
  Use: Potion            |       |       |     1 ||     1
 Stab: Sleeping          |    31 |     1 |     4 ||    36
       Distracted        |     2 |       |       ||     2
  Eat: Royal jelly       |       |     1 |       ||     1
       Bread ration      |       |       |     1 ||     1
